 Dungeon Crawl Stone Soup version 0.29-a0-802-g34511f41fd (webtiles) character file.

Game seed: 11496877723028684778

1117 dranuc9 the Destroyer (level 8, -19/41 HPs)
             Began as a Deep Elf Conjurer on July 3, 2022.
             Was an Initiate of Vehumet.
             Demolished by an orc warrior
             ... wielding a +0 halberd
              (20 damage)
             ... on level 6 of the Dungeon.
             The game lasted 00:41:33 (5667 turns).

dranuc9 the Destroyer (Deep Elf Conjurer)           Turns: 5667, Time: 00:41:34

Health: -19/41     AC:  5    Str:  4    XL:     8   Next: 12%
Magic:  18/21      EV: 12    Int: 26    God:    Vehumet [......]
Gold:   306        SH:  0    Dex: 13    Spells: 15/22 levels left

rFire   + + .      SeeInvis .   i - staff of fire
rCold   x . .      Faith    .   (no shield)
rNeg    . . .      Spirit   .   a - +0 robe
rPois   .          Reflect  .   e - +2 hat
rElec   .          Harm     .   (no cloak)
rCorr   .          Rampage  .   (no gloves)
Will    .....                   c - +0 pair of boots
Stlth   ++........              (no amulet)
HPRegen 0.13/turn               q - ring of fire
MPRegen 0.17/turn               (no ring)

@: no status effects
A: no striking features
a: Renounce Religion


You were on level 6 of the Dungeon.
You worshipped Vehumet.
Vehumet was noncommittal.
You visited 2 branches of the dungeon, and saw 7 of its levels.

You collected 306 gold pieces.

Inventory:

Hand Weapons
 r - a +2 short sword of freezing
Missiles
 f - 2 curare-tipped darts
 g - 14 poisoned darts (quivered)
Armour
 a - a +0 robe (worn)
 c - a +0 pair of boots (worn)
 e - a +2 hat (worn)
Magical Staves
 i - a staff of fire (weapon)
 y - a staff of death
Jewellery
 q - a ring of fire (left hand)
Scrolls
 d - a scroll of brand weapon {unknown}
 h - a scroll of teleportation {unknown}
 j - a scroll of fear {unknown}
 k - 2 scrolls of enchant weapon {unknown}
 l - 2 scrolls of poison {unknown}
 m - a scroll of magic mapping {unknown}
 w - a scroll of silence {unknown}
 x - a scroll of amnesia {unknown}
 A - a scroll of blinking {unknown}
Potions
 b - 4 potions of magic
 n - a potion of lignification
 o - a potion of mutation {unknown}
 p - a potion of heal wounds {unknown}
 s - a potion of cancellation {unknown}
 t - 3 potions of curing
 u - a potion of might
 v - a potion of attraction {unknown}
 z - a potion of haste {unknown}
 B - a potion of invisibility {unknown}


   Skills:
 + Level 0.1 Fighting
 + Level 1.1 Staves
 + Level 0.3 Throwing
 + Level 2.7 Dodging
 + Level 3.6 Stealth
 + Level 7.9 Spellcasting
 * Level 8.8 Conjurations
 + Level 1.1 Fire Magic
 + Level 1.1 Evocations


You had 15 spell levels left.
You knew the following spells:

 Your Spells              Type           Power      Damage    Failure   Level
a - Magic Dart            Conj           100%       1d8       1%          1
b - Searing Ray           Conj           100%       2d8       1%          2
c - Fulminant Prism       Conj/Hex       16%        3d11      10%         4

Your spell library contained the following spells:

 Spells                   Type           Power      Damage    Failure   Level
 Dazzling Flash           Conj/Hex       66%        N/A       2%          3
 Iskenderun's Mystic Bla  Conj/Tloc      33%        2d8       10%         4
 Gell's Gravitas          Tloc           10%        N/A       17%         3
 Teleport Other           Tloc           10%        N/A       17%         3
 Dispersal                Tloc           5%         N/A       100%        6


Dungeon Overview and Level Annotations

Branches:
Dungeon (6/15)             Temple (1/1) D:6

Altars:
Cheibriados
Dithmenos
Gozag
Kikubaaqudgha
Okawaru
Qazlal
Ru
Trog
Vehumet
Wu Jian
Yredelemnul
Zin

Annotations:
D:6 Grinder


Message History

Press: ? - help, Shift-Dir - straight line, f/p - orc warrior
Aim: an orc warrior, wielding a +0 halberd and wearing a +0 plate armour (lightly wounded, 100% to hit)
The magic dart hits the orc warrior but does no damage.
The orc warrior is lightly wounded.
Casting: Magic Dart (safe; 1% risk of failure)
Confirm with . or Enter, or press ? or * to list all spells.
Aiming: Searing Ray (safe; 1% risk of failure)
Press: ? - help, Shift-Dir - straight line, f/p - orc warrior
Aim: an orc warrior, wielding a +0 halberd and wearing a +0 plate armour (lightly wounded, 83% to hit)
The searing ray hits the orc warrior.
The orc warrior is lightly wounded. (Press . to maintain the ray.) Grinder comes into view.
Grinder shouts!
An orc wizard comes into view. It is wielding a staff of conjuration.
Grinder hits you!
The orc warrior hits you from afar with a +0 halberd!
Grinder drinks a potion.
Grinder suddenly seems more resistant.
Grinder says, "Tell me all your secrets, or I'll kill you."
The orc warrior hits you from afar with a +0 halberd!
Grinder blinks!
Grinder gestures at you.
You suddenly lose the ability to move!
The orc warrior hits you from afar with a +0 halberd!
* * * LOW HITPOINT WARNING * * *
Grinder gestures at you.
You shrug off the repeated paralysis!
The orc warrior hits you from afar with a +0 halberd.
* * * LOW HITPOINT WARNING * * *
The orc wizard shouts!
The orc warrior hits you from afar with a +0 halberd.
* * * LOW HITPOINT WARNING * * *
The orc priest shouts!
The orc warrior barely misses you.
You can move again.
Unknown command.
Grinder blinks!
You see here a +2 antimagic hand axe.
The orc warrior hits you from afar with a +0 halberd!!
You die...

## ##....#.#'#
##)...#....
#..##.###'# #.
##.#####...# #.
###..........†
.###.............
###......[..<.......
#..#........)..>....
##.#@.[..............
#...)..o.............
##....o...o.[........
#....................
#....................
#..........(.........
#....................
#....................
#.#...................


You could see an orc warrior, an orc priest and an orc wizard.

Vanquished Creatures
  Eustachio (D:4)
  Menkaure (D:6)
  A water moccasin (D:6)
  An ogre (D:6)
  2 scorpions
  3 hounds
  2 jellies
  A gnoll bouda (D:6)
  An orc priest (D:6)
  2 orc wizards
  2 iguanas (D:5)
  4 adders
  11 gnolls
  An ufetubus (D:5)
  3 worms
  2 dart slugs (D:2)
  11 orcs
  8 endoplasms
  4 giant cockroaches
  6 goblins
  9 hobgoblins
  3 jackals (D:1)
  A quokka (D:4)
  6 ball pythons
  4 bats (D:1)
  7 frilled lizards
  3 kobolds
  4 rats
104 creatures vanquished.

Notes
Turn   | Place    | Note
-------+----------+-------------------------------------------
     0 | D:1      | dranuc9 the Deep Elf Conjurer began the quest for the Orb.
     0 | D:1      | Reached XP level 1. HP: 10/10 MP: 6/6
   441 | D:1      | Reached XP level 2. HP: 15/15 MP: 4/8
   731 | D:1      | Learned a level 2 spell: Searing Ray
   925 | D:2      | Reached skill level 5 in Conjurations
   925 | D:2      | Reached XP level 3. HP: 19/19 MP: 3/10
  1539 | D:2      | Found an opulent altar of Gozag.
  1755 | D:2      | Found a faded altar of an unknown god.
  1872 | D:3      | Reached XP level 4. HP: 24/24 MP: 8/12
  2795 | D:4      | Noticed Eustachio
  3487 | D:4      | Noticed a scorpion
  3500 | D:4      | Killed a scorpion
  3501 | D:4      | Reached skill level 1 in Staves
  3501 | D:4      | Reached skill level 1 in Fire Magic
  3501 | D:4      | Reached skill level 1 in Evocations
  3501 | D:4      | Reached XP level 5. HP: 28/28 MP: 1/13
  3594 | D:4      | Found an ornate altar of the Wu Jian Council.
  3666 | D:4      | Reached skill level 5 in Spellcasting
  4021 | D:4      | Killed Eustachio
  4022 | D:4      | Reached skill level 6 in Conjurations
  4022 | D:4      | Reached XP level 6. HP: 32/32 MP: 7/16
  4049 | D:5      | Entered Level 5 of the Dungeon
  4182 | D:5      | Reached skill level 7 in Conjurations
  4332 | D:5      | Reached XP level 7. HP: 36/36 MP: 12/18
  4823 | D:5      | Learned a level 4 spell: Fulminant Prism
  5112 | D:6      | Noticed Menkaure
  5127 | D:6      | Killed Menkaure
  5128 | D:6      | Reached skill level 8 in Conjurations
  5420 | D:6      | Found a staircase to the Ecumenical Temple.
  5438 | Temple   | Entered the Ecumenical Temple
  5449 | Temple   | Became a worshipper of Vehumet
  5553 | D:6      | Reached XP level 8. HP: 41/41 MP: 11/21
  5646 | D:6      | Noticed Grinder
  5661 | D:6      | Paralysed by Grinder for 4 turns
  5663 | D:6      | HP: 1/41 [orc warrior/+0 halberd (3)]
  5667 | D:6      | Demolished by an orc warrior

Illustrated notes

Levels and vault maps discovered:
D:1:      ebering_trefoil_twist, layout_basic
D:2:      layout_basic, dreamdust_ecumenical_altar_angels_and_demons,
          basic_altar, chequers_serial_rivers_small_a
D:3:      layout_basic
D:4:      layout_basic, mainiacjoe_overflow_24_doors, hex_medium, uniq_eustachio
D:5:      layout_rooms
D:6:      layout_layer_cave, minmay_temple_entry_glassed_door,
          serial_park_tiny_1, uniq_grinder, uniq_menkaure
Temple:   compressed_dpeg_triangle_lava_temple

Skill      XL: |  1  2  3  4  5  6  7 |
---------------+----------------------+-----
Conjurations   | 5 6 7 8 |  8.8
Spellcasting   | 4 5 6 7 |  7.9
Stealth        | 3 |  3.6
Staves         | 1 |  1.1
Fire Magic     | 1 |  1.1
Evocations     | 1 |  1.1
Fighting       | |  0.1
Throwing       | |  0.3
Dodging        | |  2.7

Action                   |  1- 3 |  4- 6 |  7- 9 || total
-------------------------+-------+-------+-------++-------
Throw: Dart              |       |       |     9 ||     9
 Cast: Magic Dart        |    82 |    62 |    49 ||   193
       Searing Ray       |       |    17 |    22 ||    39
  Use: Scroll            |       |       |     3 ||     3
Armor: Robe              |     1 |     7 |     7 ||    15
Dodge: Dodged            |       |    19 |     6 ||    25

Table legend: (Time is in decaauts)
 A = Elapsed time spent in this place.
 B = Non-inter-level travel time spent in this place.
 C = Inter-level travel time spent in this place.
 D = Time resting spent in this place.
 E = Time spent auto-exploring this place.
 F = Levels seen in this place.
 G = Mean time per level.
                   A        B        C        D        E       F      G
               +--------+--------+--------+--------+--------+-----+--------+
         Total |   5670 |   5346 |    324 |    984 |   3401 |   7 |  810.0 |
       Dungeon |   5647 |   5323 |    324 |    984 |   3401 |   6 |  941.2 |
        Temple |     22 |     22 |      0 |      0 |      0 |   1 |   22.0 |
               +--------+--------+--------+--------+--------+-----+--------+

Top non-repeatable levels by time:
     D:3: 1159 daAuts
     D:4: 1113 daAuts
     D:1: 914 daAuts
     D:2: 864 daAuts
     D:6: 829 daAuts
     D:5: 765 daAuts
  Temple: 22 daAuts
